 Dungeon Crawl Stone Soup version 0.26-a0-597-gb535b0901c (webtiles) character file.

Game seed: 577615443116610631

270 ywyr the Firebug (level 5, 0/41 HPs)
             Began as a Demigod Fire Elementalist on Sept 2, 2020.
             Slain by a fire bat (1 damage)
             ... on level 3 of the Dungeon.
             The game lasted 00:08:34 (5147 turns).

ywyr the Firebug (Demigod Fire Elementalist)        Turns: 5147, Time: 00:08:36

Health: 0/41       AC:  2    Str: 11    XL:     5   Next: 69%
Magic:  8/12       EV: 13    Int: 21    God:
Gold:   271        SH:  0    Dex: 16    Spells: 4/9 levels left

rFire    + + .     SeeInvis .   (no weapon)
rCold    x . .     Faith    .   (no shield)
rNeg     . . .     Spirit   .   a - +0 robe
rPois    .         Reflect  .   (no helmet)
rElec    .         Harm     .   (no cloak)
rCorr    .                      (no gloves)
MR       .....                  (no boots)
Stlth    ++........             (no amulet)
HPRegen  0.13/turn              o - ring of fire
MPRegen  0.13/turn              r - ring of protection from fire

@: about to teleport
A: high mp 1
a: no special abilities


You were on level 3 of the Dungeon.
You visited 1 branch of the dungeon, and saw 3 of its levels.

You collected 271 gold pieces.

Inventory:

Armour
 a - a +0 robe (worn)
Jewellery
 o - a ring of fire (left hand)
 r - a ring of protection from fire (right hand)
Scrolls
 e - 3 scrolls of remove curse
 k - 2 scrolls of identify
 l - a scroll of teleportation
 n - a scroll of magic mapping {unknown}
 p - 2 scrolls of fear {unknown}
 q - a scroll of amnesia {unknown}
Potions
 b - a potion of ambrosia {unknown}
 c - a potion of lignification {unknown}
 d - a potion of invisibility {unknown}
 f - 2 potions of mutation {unknown}
 g - 3 potions of cancellation {unknown}
 h - a potion of curing {unknown}
 i - a potion of degeneration {unknown}
 j - 2 potions of heal wounds {unknown}
 m - a potion of haste {unknown}
 s - a potion of stabbing {unknown}
 t - a potion of magic {unknown}


   Skills:
 + Level 2.2 Fighting
 + Level 2.9 Dodging
 - Level 1.7 Stealth
 + Level 2.8 Spellcasting
 + Level 2.4 Conjurations
 + Level 3.5 Fire Magic


You had 4 spell levels left.
You knew the following spells:

 Your Spells              Type           Power        Failure   Level
a - Foxfire               Conj/Fire      ###.         4%          1
b - Sticky Flame          Conj/Fire      ###.....     36%         4

Your spell library contained the following spells:

 Spells                   Type           Power        Failure   Level
 Conjure Flame            Conj/Fire      ###.....     12%         3
 Inner Flame              Hex/Fire       ###.....     19%         3
 Fireball                 Conj/Fire      ###.......   73%         5


Dungeon Overview and Level Annotations

Branches:
Dungeon (3/15)

Annotations:
D:2 1 runed translucent door, Crazy Yiuf


Innate Abilities, Weirdness & Mutations

You have an increased reservoir of magic. (+10% MP)


Message History

The skeletal bat hits you but does no damage.
The vampire bat closely misses you. The fire bat barely misses you.
The skeletal bat hits you but does no damage.
The skeletal bat hits you.
* * * LOW HITPOINT WARNING * * *
The fire bat bites you.
* * * LOW HITPOINT WARNING * * *
You are engulfed in flames.
You resist. The fire bat bites you.
* * * LOW HITPOINT WARNING * * *
You are engulfed in flames.
You resist. The skeletal bat misses you. x2
The skeletal bat hits you but does no damage.
The skeletal bat hits you.
* * * LOW HITPOINT WARNING * * *
You barely miss the vampire bat.
The vampire bat is moderately damaged.
The vampire bat bites you.
* * * LOW HITPOINT WARNING * * *
The vampire bat draws strength from your injuries!
The skeletal bat completely misses you. x2; The fire bat bites you.
You die...

..# ..# # ### ..# ..#..#
##### ..# #....# #....
..######### #....###...
..........#### #...####.
#.######.....# ##.## ##
#.# ##.....##########
##...# #.###
#..>.....b@Z#.bZ###.b##.#
#...#
#........bZb.##†.).### #.#
###.###......##.#.###..###
...
..#..........##.#.##.#†#
..
#.#####......##'#.##.##. .
#.# ##.......)..### #. #
#.# #........[..# #† #.#
######).....÷.# ## ###
#.####......######..# ###
#.#


You could see 2 fire bats, a vampire bat and 2 skeletal bats.

Vanquished Creatures
  A jelly (D:2)
  An orc wizard (D:3)
  4 gnolls (D:3)
  3 adders
  4 worms
  2 dart slugs
  A leopard gecko (D:1)
  3 orcs (D:3)
  2 giant cockroaches (D:2)
  12 goblins
  11 hobgoblins
  6 jackals (D:1)
  2 quokkas (D:3)
  A ball python (D:2)
  11 bats
  6 frilled lizards
  9 kobolds
  6 rats
85 creatures vanquished.

Vanquished Creatures (others)
  426 foxfires
426 creatures vanquished.

Grand Total: 511 creatures vanquished

Notes
Turn   | Place    | Note
-------+----------+-------------------------------------------
     0 | D:1      | ywyr the Demigod Fire Elementalist began the quest for the
                  | Orb.
     0 | D:1      | Reached XP level 1. HP: 14/14 MP: 5/5
   135 | D:1      | Reached skill level 1 in Conjurations
   283 | D:1      | Reached XP level 2. HP: 22/22 MP: 0/7
   771 | D:2      | Reached skill level 1 in Fighting
   991 | D:2      | Reached skill level 3 in Fire Magic
   991 | D:2      | Reached XP level 3. HP: 28/28 MP: 2/8
  2007 | D:2      | Reached XP level 4. HP: 35/35 MP: 4/10
  2949 | D:2      | Found a runed translucent door.
  2950 | D:2      | Noticed Crazy Yiuf
  4184 | D:3      | Learned a level 4 spell: Sticky Flame
  4185 | D:3      | Reached XP level 5. HP: 41/41 MP: 8/11
  5147 | D:3      | HP: 1/41 [vampire bat (3)]
  5147 | D:3      | Slain by a fire bat

Illustrated notes

Levels and vault maps discovered:
D:1:      lemuel_arrival_muddy, layout_rooms,
          wander_ebering_terrifying_dragon_lair
D:2:      layout_basic, uniq_crazy_yiuf_cottage
D:3:      layout_basic, goddamned_bats

Skill      XL: |  1  2  3  4  5 |
---------------+----------------+-----
Conjurations   | 1 2 |  2.4
Dodging        | 2 |  2.9
Spellcasting   | 2 |  2.8
Fighting       | 1 2 |  2.2
Fire Magic     | 3 |  3.5
Stealth        | |  1.7

Action                   |  1- 3 |  4- 6 || total
-------------------------+-------+-------++-------
Melee: Unarmed           |     7 |    22 ||    29
 Cast: Foxfire           |   104 |   184 ||   288
  Use: Scroll            |     1 |     2 ||     3
Armor: Robe              |     3 |    33 ||    36
Dodge: Dodged            |    18 |    85 ||   103

Table legend: (Time is in decaauts)
 A = Elapsed time spent in this place.
 B = Non-inter-level travel time spent in this place.
 C = Inter-level travel time spent in this place.
 D = Time resting spent in this place.
 E = Time spent auto-exploring this place.
 F = Levels seen in this place.
 G = Mean time per level.
                   A        B        C        D        E       F      G
               +--------+--------+--------+--------+--------+-----+--------+
         Total |   5146 |   5064 |     82 |    400 |   4084 |   3 | 1715.3 |
       Dungeon |   5146 |   5064 |     82 |    400 |   4084 |   3 | 1715.3 |
               +--------+--------+--------+--------+--------+-----+--------+

Top non-repeatable levels by time:
     D:2: 2120 daAuts
     D:3: 1854 daAuts
     D:1: 1171 daAuts
